 Dungeon Crawl Stone Soup version 0.31-a0-965-g8a8ce12e04 (webtiles) character file.

Game seed: 13231521839104355289

8029 p00ps00p the Blocker (level 11, -4/101 HPs)
             Began as a Hill Orc Fighter on Oct 26, 2023.
             Was an Initiate of Gozag.
             Slain by an efreet
             ... wielding a +4 scimitar of flaming
              (17 damage)
             ... on level 10 of the Dungeon.
             The game lasted 00:23:55 (10928 turns).

p00ps00p the Blocker (Hill Orc Fighter)            Turns: 10928, Time: 00:23:56

Health: -4/101     AC: 20    Str: 24    XL:     11   Next: 24%
Magic:  11/11      EV:  7    Int:  8    God:    Gozag
Gold:   1269       SH:  6    Dex: 11    Spells: 10/10 levels left

rFire   . . .        E - +4 hand axe (elec)
rCold   . . .        c - +0 buckler
rNeg    + + +        g - +0 plate armour
rPois   +            u - +0 helmet
rElec   .            m - +0 cloak
rCorr   +            o - +2 pair of gloves {Stlth+}
SInv    .            (no boots)
Will    .....        z - amulet of regeneration Stlth
                     G - ring of Ilicech {Contam rPois rN+++ rCorr Dex-5}
HPRegen 1.16/turn    f - +6 ring of dexterity
MPRegen 0.12/turn

%: no passive effects
@: studying 2 skills
A: no striking features
a: Renounce Religion, Potion Petition, Call Merchant, Bribe Branch


You were on level 10 of the Dungeon.
You worshipped Gozag.
Gozag was most pleased with you.
You visited 2 branches of the dungeon, and saw 11 of its levels.

You collected 1635 gold pieces.
You spent 313 gold pieces at shops.
You paid 53 gold pieces to Gozag.

Inventory:

Hand Weapons
 a - a +0 war axe
 E - a +4 hand axe of electrocution (weapon)
Missiles
 A - a throwing net
Armour
 b - a +0 scale mail
 c - a +0 buckler (worn)
 g - a +0 plate armour (worn)
 m - a +0 cloak (worn)
 o - a +2 pair of gloves of stealth (worn)
 u - a +0 helmet (worn)
 y - a +0 pair of gloves
Jewellery
 d - a +6 ring of intelligence
 f - a +6 ring of dexterity (right hand)
 h - an amulet of faith
 k - a ring of resist corrosion
 q - a +6 ring of dexterity
 x - a +6 ring of strength
 z - an amulet of regeneration (around neck)
 C - a +6 ring of intelligence
 G - the ring of Ilicech (left hand) {Contam rPois rN+++ rCorr Dex-5}
   (You found it on level 7 of the Dungeon)

   [ring of resist corrosion]

   Dex-5:     It affects your dexterity (-5).
   rPois:     It protects you from poison rN+++: It renders you almost immune to
   negative energy.
   Contam:    It causes magical contamination when unequipped.
   rCorr:     It protects you from acid and corrosion.
Wands
 p - a wand of charming (24)
 r - a wand of flame (7)
 B - a wand of roots (3)
Scrolls
 e - 4 scrolls of noise
Potions
 i - a potion of brilliance
 j - a potion of curing
 l - 2 potions of resistance
 n - a potion of lignification
 s - 2 potions of mutation
 t - a potion of berserk rage
 w - a potion of cancellation
Miscellaneous
 F - a condenser vane (inert)


   Skills:
 + Level 10.9 Fighting
 + Level 11.4 Axes
 + Level 10.1 Armour
 + Level 11.7 Shields


You had 10 spell levels left.
You didn't know any spells.
Your spell library contained the following spells:

 Spells                   Type           Power      Damage    Failure   Level
 Poisonous Vapours        Pois/Air       0%         N/A       100%        2
 Static Discharge         Conj/Air       0%         3-3/arc   100%        2
 Mephitic Cloud           Conj/Pois/Air  0%         N/A       100%        3
 Ozocubu's Armour         Ice            0%         N/A       100%        3
 Airstrike                Air            0%         2d(0-16)  100%        4
 Brom's Barrelling Bould  Conj/Erth      0%         2d3       100%        4
 Summon Lightning Spire   Summ/Air       0%         N/A       100%        4
 Fireball                 Conj/Fire      0%         3d3       100%        5
 Freezing Cloud           Conj/Ice/Air   0%         6-21      100%        5
 Iskenderun's Battlesphe  Conj           0%         2d6       100%        5
 Conjure Ball Lightning   Conj/Air       0%         3x3d6     100%        6
 Orb of Destruction       Conj           0%         9d5       100%        7
 Ozocubu's Refrigeration  Ice            0%         4d7       100%        7


Dungeon Overview and Level Annotations

Branches:
Dungeon (10/15)            Temple (1/1) D:4            Lair (0/5) D:8
    Orc: D:9-12

Altars:
Ashenzari
Cheibriados
Dithmenos
Elyvilon
Fedhas
Gozag
Hepliaklqana
Kikubaaqudgha
Makhleb
Nemelex Xobeh
Okawaru
Qazlal
Ru
Sif Muna
Trog
Uskayaw
Vehumet
Wu Jian
Xom
Yredelemnul
Zin
The Shining One

Shops:
D:2 *


Message History

The efreet hits you but does no damage. The efreet attacks as it pursues you!
The efreet hits you but does no damage. The efreet attacks as it pursues you!
The efreet hits you with a +4 scimitar of flaming.
The efreet burns you.
There is an open door here.
The efreet gestures at you. The bolt of fire hits you.
There is an open door here.
There is an open door here.
Why would you want to do that? Why would you want to do that?
The efreet is distracted by your dazzling golden aura.
The efreet is no longer distracted by gold.
The efreet gestures at you.
The bolt of fire hits you but does no damage.
The efreet gestures at you.
The fireball explodes!
The fireball engulfs you!!
You open the door.
You are engulfed in a cloud of scalding steam.
The efreet gestures at you.
The fireball explodes!
The fireball engulfs you!
There is an open door here.
The efreet gestures at you.
The fireball explodes!
The fireball engulfs you!!
You hear an angry buzzing noise.
The efreet gestures at you.
The fireball explodes!
The fireball engulfs you!!
* * * LOW HITPOINT WARNING * * *
The efreet gestures at you. The bolt of fire hits you.
* * * LOW HITPOINT WARNING * * *
The efreet hits you with a +4 scimitar of flaming.
* * * LOW HITPOINT WARNING * * *
The efreet burns you.
* * * LOW HITPOINT WARNING * * *
You hit the efreet but do no damage.
The efreet hits you with a +4 scimitar of flaming!
You die...
Your body crumbles into a pile of gold.

#.###.#####.#
######....
#...#.......# #....
##########'## #....
##..# ####+ #..##
####.## #....#
###'##################
#.........##.R@......#
########.###o###.....+
#.....$.##≈≈.°≈##....#
#.###.#.#≈≈≈R≈○≈#....#
.. #.#≈≈≈.≈≈≈######
#######)'...∩...o.##
#.....).#≈≈≈.≈≈≈#V.#
#####.###≈≈≈.≈≈≈##.#
#.. ##≈≈.≈≈###☼####
###+#


You could see an efreet and an orc warrior.

Vanquished Creatures
  A two-headed ogre (D:8)
  A troll (D:8)
  2 hornets
  Grinder (D:6)
  2 wyverns
  A basilisk (D:8)
  9 yaks (D:9)
  A shadow (D:10)
  2 steam dragons
  5 water moccasins
  2 ice beasts (D:7)
  2 hornet zombies (D:6)
  A black bear (D:6)
  6 orc warriors
  The ghost of R007833r the Changeling, an amateur DsSh of Trog (D:4)
  3 centaurs
  A phantom (D:6)
  A kobold brigand (D:8)
  A gnoll sergeant (D:6)
  5 bullfrogs
  A wyvern zombie (D:6)
  11 killer bees
  6 howler monkeys
  2 bullfrog zombies (D:6)
  3 gnoll boudas
  5 hounds
  5 orc priests
  3 bullfrog skeletons
  A centaur skeleton (D:4)
  3 iguanas
  9 orc wizards
  Ijyb (D:4)
  2 killer bee zombies (D:6)
  A howler monkey zombie (D:6)
  22 gnolls
  A howler monkey skeleton (D:4)
  7 adders
  3 white imps
  3 worms
  3 dart slugs
  44 orcs
  7 bats
  4 endoplasms
  4 giant cockroaches
  6 goblins
  8 hobgoblins
  9 jackals
  6 kobolds
  3 quokkas (D:4)
  9 ball pythons
  4 frilled lizards
  3 rats
247 creatures vanquished.

Vanquished Creatures (others)
  A yak (D:10)
  An orc warrior (D:10)
  2 orcs
4 creatures vanquished.

Grand Total: 251 creatures vanquished

Notes
Turn   | Place    | Note
-------+----------+-------------------------------------------
     0 | D:1      | p00ps00p the Hill Orc Fighter began the quest for the Orb.
     0 | D:1      | Reached XP level 1. HP: 19/19 MP: 1/1
   243 | D:1      | Reached XP level 2. HP: 27/27 MP: 2/2
   801 | D:2      | Found Cosomoafi's Assorted Antiques.
   851 | D:2      | Reached XP level 3. HP: 33/33 MP: 3/3
   978 | D:2      | Found a white marble altar of Elyvilon.
  1628 | D:3      | Reached XP level 4. HP: 34/40 MP: 4/4
  2193 | D:3      | Found a faded altar of an unknown god.
  2390 | D:4      | Found a glowing golden altar of the Shining One.
  2390 | D:4      | Found a glowing silver altar of Zin.
  2390 | D:4      | Found a white marble altar of Elyvilon.
  2433 | D:4      | Reached XP level 5. HP: 27/47 MP: 5/5
  2663 | D:4      | Found a staircase to the Ecumenical Temple.
  2679 | Temple   | Entered the Ecumenical Temple
  3106 | D:4      | Found an ornate altar of the Wu Jian Council.
  3214 | D:4      | Noticed Ijyb
  3257 | D:4      | Killed Ijyb
  3322 | D:4      | Reached XP level 6. HP: 55/55 MP: 6/6
  3332 | D:4      | Found a runed translucent gate.
  3332 | D:4      | Found a runed translucent gate.
  3333 | D:4      | Found a runed translucent gate.
  3338 | D:4      | Noticed R007833r's ghost (amateur DsSh)
  3516 | D:5      | Entered Level 5 of the Dungeon
  3543 | D:5      | Reached skill level 5 in Fighting
  3954 | D:5      | Found an ancient bone altar of Kikubaaqudgha.
  3968 | D:5      | Reached skill level 5 in Axes
  4087 | D:5      | Reached skill level 5 in Armour
  4114 | D:5      | Reached skill level 5 in Shields
  4130 | D:5      | Found an opulent altar of Gozag.
  4135 | D:5      | Became a worshipper of Gozag Ym Sagoz the Greedy
  4167 | D:5      | Noticed a steam dragon
  4174 | D:5      | Noticed a water moccasin
  4182 | D:5      | Killed a steam dragon
  4183 | D:5      | Reached XP level 7. HP: 28/62 MP: 7/7
  4912 | D:2      | Bought a pair of embroidered gloves for 142 gold pieces
  5015 | D:6      | Noticed Grinder
  5032 | D:6      | Reached XP level 8. HP: 20/70 MP: 8/8
  5033 | D:6      | Killed Grinder
  5832 | D:6      | Found a hazy altar of Hepliaklqana.
  5995 | D:6      | Found a shadowy altar of Dithmenos.
  6033 | D:6      | Reached XP level 9. HP: 78/79 MP: 9/9
  6393 | D:6      | Found a stormy altar of Qazlal.
  6983 | D:2      | Bought a scroll of fear for 76 gold pieces
  6983 | D:2      | Bought a dented silver amulet for 95 gold pieces
  7174 | D:4      | Killed R007833r's ghost
  8002 | D:7      | Reached XP level 10. HP: 61/91 MP: 10/10
  8069 | D:7      | Identified the ring of Ilicech {Contam rPois rN+++ rCorr
                  | Dex-5}
  8506 | D:8      | Noticed a two-headed ogre
  8515 | D:8      | Killed a two-headed ogre
  8516 | D:8      | Reached skill level 10 in Axes
  8829 | D:8      | Found an iron altar of Okawaru.
  8941 | D:8      | Reached skill level 10 in Shields
  8999 | D:8      | Found a staircase to the Lair.
  9215 | D:9      | Reached skill level 10 in Fighting
  9308 | D:9      | Paralysed by a hornet for 1 turns
  9404 | D:9      | Reached XP level 11. HP: 39/101 MP: 11/11
 10571 | D:10     | Entered Level 10 of the Dungeon
 10766 | D:10     | Reached skill level 10 in Armour
 10894 | D:10     | Noticed a two-headed ogre
 10928 | D:10     | Slain by an efreet

Illustrated notes

Levels and vault maps discovered:
D:1:      zelgadis_glass_arrival_small, layout_loops_cross
D:2:      layout_basic, serial_aquarium, aquarium_bridge_long_joined
          [aquarium_subvault_bridge, aquarium_subvault_wall,
          aquarium_subvault_wall, aquarium_subvault_bridge,
          aquarium_subvault_balcony, aquarium_subvault_bridge],
          aquarium_bridge_square [aquarium_subvault_bridge,
          aquarium_subvault_bridge, aquarium_subvault_wall,
          aquarium_subvault_balcony], aquarium_window_fake, aquarium_window_1,
          aquarium_window_3, aquarium_view_2f, aquarium_balcony_1b, basic_altar,
          serial_shops, shop
D:3:      layout_basic, dilly_ecumenical_altar_fadedgnrine
D:4:      layout_loops_cross, good_gods_mini_temple, kennysheep_mini,
          minmay_temple_entry_antechambers, gammafunk_ghost_necromancy,
          uniq_ijyb
D:5:      layout_basic, nicolae_kikubaaqudgha_miasma_corner,
          mainiacjoe_overflow_alcove_4
D:6:      layout_rooms, old_standard_altar, lemuel_doored_altar,
          nicolae_qazlal_style_of_elements, cheibrodos_sewer_entry_drain,
          serial_undead, serial_undead_a, serial_undead_a, serial_undead_a,
          serial_undead_d, uniq_grinder
D:7:      layout_basic, minmay_manual_monolith
D:8:      layout_rooms, marbit_many_paths, lair_entry_dummy
D:9:      minmay_weird_star, layout_cave_pods, minmay_diced_spiral
D:10:     layout_roguey, david_orc_4, enter_bailey_2, kennysheep_flooded_box,
          chequers_serial_rivers_room_b, minmay_alternating_orb
Temple:   minmay_temple_bridge_abc

Skill      XL: |  1  2  3  4  5  6  7  8  9 10 11 |
---------------+----------------------------------+-----
Axes           | 3 4 5 6 7 9 11 | 11.4
Fighting       | 4 5 6 7 9 10 | 10.9
Armour         | 4 5 7 8 9 10 | 10.1
Shields        | 4 5 7 8 11 | 11.7

Action                     |  1- 3 |  4- 6 |  7- 9 | 10-12 || total
---------------------------+-------+-------+-------+-------++-------
  Melee: War axe           |   117 |   207 |   285 |       ||   609
         Hand axe          |       |       |    19 |   239 ||   258
  Evoke: Wand              |       |     5 |     6 |     9 ||    20
         Condenser vane    |       |       |       |     1 ||     1
    Use: Scroll            |     5 |     1 |    10 |     8 ||    24
         Potion            |       |     1 |     4 |     4 ||     9
 Armour: Scale mail        |    43 |       |       |       ||    43
         Plate armour      |    47 |   217 |   462 |   228 ||   954
  Dodge: Dodged            |    44 |    77 |   119 |    75 ||   315
  Block: Buckler           |    20 |    47 |   107 |    55 ||   229

Table legend: (Time is in decaauts)
 A = Elapsed time spent in this place.
 B = Non-inter-level travel time spent in this place.
 C = Inter-level travel time spent in this place.
 D = Time resting spent in this place.
 E = Time spent auto-exploring this place.
 F = Levels seen in this place.
 G = Mean time per level.
                   A        B        C        D        E       F      G
               +--------+--------+--------+--------+--------+-----+--------+
         Total |  11003 |  10031 |    972 |   2365 |   5252 |  11 | 1000.3 |
       Dungeon |  10959 |  10007 |    952 |   2365 |   5252 |  10 | 1095.9 |
        Temple |     43 |     23 |     20 |      0 |      0 |   1 |   43.0 |
               +--------+--------+--------+--------+--------+-----+--------+

Top non-repeatable levels by time:
     D:5: 1947 daAuts
     D:4: 1454 daAuts
     D:6: 1412 daAuts
     D:9: 1370 daAuts
     D:7: 1113 daAuts
     D:3: 887 daAuts
     D:2: 841 daAuts
     D:1: 811 daAuts
     D:8: 779 daAuts
    D:10: 341 daAuts
  Temple: 43 daAuts
